Map: Rhoskallian LE

Players

DeDeL

  • Race: Protoss Protoss
  • League: Silver
  • Spawn Location: 5:00

cmRkkZ

  • Race: Protoss Protoss
  • Spawn Location: 6:00

Username

  • Race: Zerg Zerg
  • League: Silver
  • Spawn Location: 12:00

MattBarry

  • Race: Zerg Zerg
  • League: Gold
  • Spawn Location: 11:00

VOD

Have the link to the VOD?

Description

Time

  • Played on: Feb. 15, 2023, 6:29 a.m.
  • Length: 16:53
Show
View Real Time Build Order
Export as new Build Order

DeDeL Protoss 

Build Orders:  

Get SALT Encoding   

  12  0:02  Probe  
  13  0:20  Probe  
  14  0:34  Pylon  
  14  0:38  Probe  
  15  0:56  Forge  
  15  1:14  Probe  
  15  1:26  Probe  
  16  1:38  Probe  
  17  1:55  Photon Cannon  
  17  2:06  Photon Cannon  
  17  2:11  Probe  
  18  2:21  Assimilator  
  18  2:23  Probe  
  19  2:43  Gateway  
  19  2:48  Photon Cannon  
  19  2:56  Photon Cannon  
  19  3:02  Probe  
  20  3:11  Assimilator  
  20  3:14  Probe  
  21  3:23  Nexus  
  21  3:32  Cybernetics Core  
  21  3:40  Probe  
  22  3:45  Pylon  
  22  4:07  Warp Gate (Chrono Boost)  
  22  4:11  Stalker  
  24  4:22  Gateway  
  24  4:27  Gateway  
  24  4:36  Probe x2  
  26  4:44  Stargate  
  26  4:48  Probe (Chrono Boost)  
  28  4:54  Probe (Chrono Boost)  
  28  4:56  Stalker  
  28  4:58  Probe (Chrono Boost)  
  31  5:02  Probe (Chrono Boost)  
  32  5:12  Probe (Chrono Boost)  
  34  5:18  Probe (Chrono Boost)  
  35  5:22  Probe (Chrono Boost)  
  35  5:27  Probe (Chrono Boost)  
  39  5:34  Void Ray  
  44  6:19  Void Ray  
  44  6:22  Stalker  
  46  6:26  Protoss Ground Weapons Level 1 (Chrono Boost)  
  46  6:27  Assimilator  
  46  6:28  Pylon  
  46  6:31  Assimilator  
  46  6:35  Pylon  
  46  6:40  Pylon  
  46  6:46  Probe x2  
  48  6:58  Protoss Air Weapons Level 1 (Chrono Boost), Probe (Chrono Boost)  
  50  7:02  Stalker x2  
  50  7:03  Probe (Chrono Boost)  
  55  7:08  Probe (Chrono Boost)  
  55  7:12  Probe (Chrono Boost)  
  55  7:13  Probe (Chrono Boost)  
  57  7:22  Void Ray (Chrono Boost), Probe  
  62  7:24  Probe  
  62  7:26  Stargate  
  63  7:34  Probe  
  63  7:36  Probe  
  65  7:39  Pylon  
  65  7:47  Stalker x2  
  69  7:53  Pylon  
  69  7:56  Fleet Beacon  
  73  8:03  Void Ray  
  73  8:12  Stalker  
  75  8:13  Stalker  
  75  8:18  Robotics Facility  
  77  8:30  Nexus  
  77  8:33  Pylon  
  77  8:35  Pylon  
  76  9:17  Phoenix (Chrono Boost)  
  76  9:18  Phoenix (Chrono Boost)  
  80  9:27  Stalker x2  
  84  9:34  Phoenix x2 (Chrono Boost)  
  88  9:53  Nexus  
  88  9:55  Photon Cannon  
  88  9:56  Stalker x2  
  88  9:57  Photon Cannon, Phoenix  
  88  9:59  Photon Cannon  
  94  10:01  Photon Cannon  
  94  10:03  Photon Cannon  
  94  10:05  Photon Cannon  
  94  10:06  Photon Cannon  
  94  10:09  Shield Battery  
  94  10:19  Phoenix  
  92  10:22  Phoenix  
  54  11:05  Tempest x2  
  62  11:45  Tempest x2 (Chrono Boost)  
  62  11:56  Stalker x2  
  62  12:01  Probe x3  
  69  12:04  Pylon  
  69  12:08  Pylon  
  69  12:13  Pylon, Probe x3  
  72  12:16  Pylon  
  72  12:18  Tempest x2 (Chrono Boost)  
  72  12:19  Pylon  
  82  12:25  Probe x2  
  82  12:27  Stargate  
  84  12:32  Probe  
  85  12:37  Probe  
  86  12:47  Assimilator  
  86  12:50  Stalker x2  
  90  12:52  Assimilator  
  90  12:55  Tempest (Chrono Boost)  
  95  12:59  Gateway  
  95  13:03  Gateway  
  95  13:05  Gateway  
  95  13:09  Photon Cannon  
  95  13:10  Gateway, Photon Cannon  
  95  13:12  Photon Cannon  
  95  13:15  Shield Battery  
  95  13:19  Shield Battery  
  95  13:20  Tempest (Chrono Boost)  
  95  13:21  Tempest (Chrono Boost)  
  105  13:32  Pylon  
  105  13:35  Pylon  
  105  13:42  Tempest, Probe x2  
  112  13:56  Tempest (Chrono Boost)  
  112  14:00  Unknown  
  117  14:03  Protoss Air Weapons Level 2 (Chrono Boost)  
  117  14:09  Mothership (Chrono Boost)  
  117  14:12  Tempest (Chrono Boost)  
  135  14:36  Tempest (Chrono Boost)  
  135  14:41  Stalker x4  
  135  14:42  Stalker  
  135  14:44  Stalker  
  147  15:43  Tempest x3  
  162  15:52  Pylon  
  162  15:55  Pylon  
  162  15:57  Pylon  
Show
View Real Time Build Order
Export as new Build Order

cmRkkZ Protoss 

Build Orders:  

Get SALT Encoding   

  12  0:00  Probe (Chrono Boost)  
  13  0:11  Probe (Chrono Boost)  
  14  0:15  Probe (Chrono Boost)  
  15  0:27  Pylon  
  15  0:45  Probe  
  16  0:51  Gateway  
  16  0:53  Forge  
  16  1:09  Probe (Chrono Boost)  
  7  1:20  Probe (Chrono Boost)  
  5  1:32  Probe  
  5  2:04  Probe (Chrono Boost)  
  7  2:16  Probe (Chrono Boost)  
  7  2:21  Probe (Chrono Boost)  
  8  2:31  Probe  
  9  2:43  Probe  
  10  2:56  Probe  
  11  3:02  Photon Cannon  
  11  3:08  Probe  
  12  3:20  Probe (Chrono Boost)  
  13  3:32  Probe (Chrono Boost)  
  14  3:37  Probe (Chrono Boost)  
  15  3:46  Probe  
  16  3:59  Pylon, Probe  
  16  4:02  Pylon  
  17  4:11  Probe  
  17  4:12  Pylon  
  18  4:23  Probe  
  19  4:26  Photon Cannon  
  19  4:29  Photon Cannon  
  19  4:35  Photon Cannon, Probe  
  20  4:39  Pylon  
  20  4:46  Assimilator  
  20  4:51  Assimilator  
  20  5:09  Photon Cannon  
  20  5:27  Nexus  
  20  5:36  Pylon  
  20  5:39  Pylon  
  20  5:49  Probe (Chrono Boost)  
  21  5:54  Cybernetics Core  
  21  5:59  Probe (Chrono Boost)  
  22  6:04  Probe (Chrono Boost)  
  23  6:15  Probe (Chrono Boost)  
  24  6:27  Probe (Chrono Boost)  
  25  6:33  Probe (Chrono Boost)  
  25  6:34  Stargate  
  25  6:39  Probe (Chrono Boost)  
  28  6:47  Assimilator  
  28  6:48  Probe (Chrono Boost)  
  28  6:49  Probe (Chrono Boost)  
  28  6:54  Assimilator, Probe x2 (Chrono Boost)  
  30  7:00  Stargate  
  31  7:06  Probe  
  32  7:21  Probe x2 (Chrono Boost)  
  38  7:31  Void Ray  
  38  7:32  Probe (Chrono Boost)  
  38  7:34  Probe (Chrono Boost)  
  40  7:37  Probe (Chrono Boost)  
  40  7:42  Probe (Chrono Boost)  
  47  7:51  Probe (Chrono Boost)  
  47  7:53  Probe (Chrono Boost)  
  47  7:55  Void Ray  
  49  7:59  Probe (Chrono Boost)  
  49  8:01  Pylon, Probe (Chrono Boost)  
  49  8:02  Pylon  
  49  8:04  Probe (Chrono Boost)  
  50  8:08  Probe  
  52  8:14  Probe  
  52  8:19  Photon Cannon  
  53  8:20  Probe  
  53  8:22  Photon Cannon  
  53  8:26  Probe  
  59  8:29  Void Ray  
  59  9:23  Void Ray x2  
  67  9:43  Photon Cannon  
  67  9:46  Photon Cannon  
  67  9:47  Stargate  
  67  9:49  Stargate  
  59  11:39  Void Ray x3  
  75  11:40  Void Ray  
  63  12:22  Void Ray x3  
  79  12:23  Void Ray  
  79  12:35  Pylon x2  
  79  13:03  Void Ray (Chrono Boost)  
  79  13:04  Void Ray x3 (Chrono Boost)  
  79  13:05  Nexus  
  95  13:07  Protoss Air Weapons Level 1 (Chrono Boost)  
  95  13:08  Pylon, Fleet Beacon  
  95  13:10  Pylon  
  95  13:13  Pylon  
  95  13:16  Pylon  
  95  13:19  Pylon  
  95  13:23  Pylon  
  95  13:32  Pylon  
  95  13:33  Pylon  
  107  13:36  Pylon  
  107  13:38  Void Ray x3  
  107  13:39  Void Ray  
  111  13:43  Photon Cannon x2  
  111  13:46  Photon Cannon  
  111  13:49  Photon Cannon  
  111  13:52  Photon Cannon  
  111  13:54  Photon Cannon  
  111  13:56  Photon Cannon  
  111  13:58  Photon Cannon  
  111  14:00  Shield Battery  
  111  14:02  Shield Battery  
  111  14:04  Shield Battery  
  111  14:07  Shield Battery x2  
  111  14:11  Assimilator  
  111  14:16  Assimilator  
  111  14:18  Photon Cannon  
  111  14:20  Photon Cannon  
  127  14:26  Void Ray x4  
  127  14:39  Probe (Chrono Boost)  
  129  14:54  Mothership (Chrono Boost), Probe (Chrono Boost)  
  146  15:09  Void Ray x2, Probe (Chrono Boost)  
  146  15:42  Void Ray  
  154  15:43  Void Ray  
Show
View Real Time Build Order
Export as new Build Order

Username Zerg 

Build Orders: Pool First 

Get SALT Encoding   

  12  0:01  Extractor  
  12  0:27  Drone  
  10  1:15  Drone  
  3  1:26  Drone  
  4  1:48  Drone  
  5  1:57  Drone  
  6  2:10  Drone  
  7  2:18  Drone  
  8  2:28  Drone  
  9  2:34  Drone  
  10  2:42  Drone  
  11  2:48  Drone  
  12  2:54  Drone  
  12  2:58  Extractor  
  12  3:04  Drone  
  13  3:14  Drone  
  14  3:34  Overlord  
  14  3:44  Spawning Pool  
  14  3:47  Drone  
  14  3:54  Drone  
  15  3:58  Drone  
  16  4:08  Drone  
  17  4:13  Extractor  
  16  4:18  Drone  
  17  4:38  Drone  
  17  4:45  Lair  
  18  4:47  Drone  
  18  4:51  Drone  
  20  5:02  Drone  
  21  5:13  Overlord  
  21  5:23  Drone  
  22  5:39  Overlord  
  22  5:49  Drone  
  23  5:50  Queen  
  23  5:51  Nydus Network  
  24  6:00  Overlord  
  24  6:20  Spire  
  24  6:24  Hatchery  
  22  6:48  Drone x2  
  22  6:49  Drone  
  25  7:25  Overlord  
  25  7:34  Mutalisk x6  
  37  7:45  Mutalisk  
  39  8:04  Mutalisk  
  39  8:05  Mutalisk x3  
  47  8:52  Mutalisk x2  
  49  9:10  Zergling x2  
  49  9:11  Zergling x4  
  49  9:12  Overlord  
  49  9:13  Overlord x3  
  52  9:22  Hydralisk Den  
  52  9:23  Spore Crawler  
  50  9:29  Spore Crawler  
  50  9:30  Spore Crawler  
  50  9:31  Spore Crawler  
  49  9:32  Metabolic Boost  
  53  9:45  Drone x6  
  55  9:56  Drone x3  
  58  10:00  Spore Crawler  
  46  10:23  Mutalisk  
  46  10:24  Mutalisk x3  
  36  10:44  Drone x2  
  36  10:45  Drone x3  
  41  10:53  Mutalisk  
  37  11:07  Hydralisk  
  37  11:08  Hydralisk x2  
  41  11:19  Extractor x2  
  35  11:35  Hydralisk  
  35  11:38  Hydralisk x3  
  43  11:55  Hydralisk x2  
  47  12:18  Grooved Spines  
  47  12:25  Drone x5  
  52  12:43  Hatchery  
  51  12:56  Overlord x3  
  51  13:08  Drone  
  52  13:13  Queen  
  52  13:17  Hydralisk  
  52  13:18  Hydralisk x3  
  62  13:29  Muscular Augments  
  62  13:37  Hydralisk x3  
  68  13:44  Queen  
  68  13:47  Hydralisk  
  68  13:48  Hydralisk  
  74  14:02  Evolution Chamber  
  73  14:05  Evolution Chamber  
  73  14:09  Hydralisk x5  
  82  14:29  Zerg Missile Weapons Level 1  
  82  14:30  Zerg Ground Armor Level 1  
  82  14:37  Overlord x3  
  82  14:38  Overlord x2  
  82  14:55  Queen, Drone  
  82  14:56  Drone x6  
  91  15:27  Hydralisk x3  
  97  15:29  Hatchery  
  96  15:48  Hydralisk x5  
  88  16:26  Overlord x2  
  88  16:27  Overlord x7  
Show
View Real Time Build Order
Export as new Build Order

MattBarry Zerg 

Build Orders: Pool First 

Get SALT Encoding   

  12  0:02  Extractor  
  6  2:27  Drone  
  7  2:34  Drone  
  8  2:46  Drone  
  8  2:51  Drone  
  10  2:57  Drone  
  11  3:07  Drone  
  12  3:14  Drone  
  13  3:21  Drone  
  14  3:31  Overlord  
  14  3:50  Spawning Pool  
  14  3:51  Drone  
  14  3:56  Drone  
  15  4:06  Drone  
  16  4:17  Drone  
  17  4:27  Drone  
  18  4:33  Extractor  
  17  4:39  Zergling x2  
  18  4:53  Drone  
  19  5:01  Queen, Drone  
  22  5:10  Hatchery  
  21  5:14  Drone  
  22  5:27  Overlord  
  22  5:45  Zergling x2  
  22  5:46  Zergling x2  
  23  5:57  Drone  
  25  6:04  Zergling x2  
  25  6:18  Overlord  
  25  6:25  Queen  
  27  6:27  Drone  
  27  6:28  Metabolic Boost  
  28  6:38  Spine Crawler  
  28  6:39  Zergling x6, Spine Crawler  
  29  6:45  Zergling x6, Spine Crawler  
  29  6:46  Spine Crawler  
  30  7:22  Drone x6  
  36  7:45  Overlord x2  
  36  7:52  Extractor  
  35  8:15  Drone x2  
  37  8:20  Drone  
  38  8:27  Drone x3  
  38  8:28  Zergling x6  
  43  8:46  Drone  
  43  8:47  Drone x5  
  48  9:18  Spore Crawler x2  
  48  9:20  Spore Crawler  
  48  9:22  Spore Crawler  
  48  9:23  Queen  
  48  9:26  Lair  
  48  9:27  Drone x4  
  48  9:29  Extractor  
  48  9:30  Extractor  
  48  10:08  Spore Crawler  
  48  10:10  Spore Crawler  
  44  10:24  Overlord x2  
  44  10:26  Zergling x2  
  35  10:45  Zergling x14  
  35  10:46  Zergling x2  
  35  10:47  Overlord  
  40  10:52  Spore Crawler  
  39  11:00  Spore Crawler  
  39  11:01  Spore Crawler  
  35  11:21  Spore Crawler  
  35  11:24  Spore Crawler  
  28  11:27  Spore Crawler  
  23  11:47  Spore Crawler  
  23  11:50  Spore Crawler  
  21  12:11  Spawning Pool  
  21  12:12  Overlord x3  
  21  12:13  Hatchery  
  19  12:30  Queen  
  19  12:31  Drone  
  22  13:06  Queen  
  24  13:45  Drone x5  
  24  13:46  Queen  
  24  13:47  Queen  
  33  13:59  Zergling x6  
  36  14:32  Hatchery  
  36  14:36  Drone x4  
  36  14:37  Zergling x2, Drone  
  36  14:38  Zergling x2, Overlord  
  42  14:54  Drone x2  
  42  14:55  Overlord x4  
  42  14:56  Overlord  
  44  15:04  Queen  
  46  15:09  Lair  
  44  15:37  Spore Crawler  
  43  15:46  Spore Crawler  
  43  15:49  Zergling x6  
  45  15:50  Zergling x12  
  45  15:51  Zergling x10  
  45  15:56  Evolution Chamber  
  55  15:57  Drone x2  
  57  16:17  Drone x4  
Tags
 
Add a new tag
Caveats
  • Supply blocks, unpowered buildings, or Contaminate may cause inaccurate times.
  • Supply counts are checked every 10 seconds.